 Dungeon Crawl Stone Soup version 0.24.0-41-g2ae2f7f1be (webtiles) character file.

Game seed: 18158052627137268470, levelgen mode: deterministic

264 Amplified the Skirmisher (level 5, -1/42 HPs)
             Began as a Demonspawn Hunter on Dec 11, 2019.
             Slain by Pikel
             ... wielding a +0 whip of freezing
              (5 damage)
             ... on level 4 of the Dungeon.
             The game lasted 00:04:37 (2820 turns).

Amplified the Skirmisher (Demonspawn Hunter)        Turns: 2820, Time: 00:04:37

Health: -1/42      AC:  5    Str: 12 (13) XL:     5   Next: 98%
Magic:  5/5        EV: 12    Int: 17      God:
Gold:   75         SH:  0    Dex: 13      Spells: 4/4 levels left

rFire    . . .     SeeInvis .   o - +2 spear (flame)
rCold    + . .     Gourm    .   (no shield)
rNeg     . . .     Faith    .   n - +0 leather armour (curse)
rPois    .         Spirit   .   (helmet restricted)
rElec    .         Reflect  .   (no cloak)
rCorr    .         Harm     .   (no gloves)
MR       .....                  m - +1 pair of boots
Stlth    +.........             (no amulet)
HPRegen  0.14/turn              h - ring of protection from cold
MPRegen  0.09/turn              b - +4 ring of intelligence

@: no status effects
A: claws 2, horns 1, spiny 1
a: no special abilities


You were on level 4 of the Dungeon.
You were not hungry.

You visited 1 branch of the dungeon, and saw 4 of its levels.

You collected 75 gold pieces.

Inventory:

Hand Weapons
 a - a +0 short sword
 e - a +0 spear
 o - a +2 spear of flaming (weapon)
Missiles
 c - 4 javelins (quivered)
 i - 41 sling bullets
Armour
 m - a +1 pair of boots (worn)
 n - a cursed +0 leather armour (worn)
Jewellery
 b - a +4 ring of intelligence (right claw)
 h - a ring of protection from cold (left claw)
 p - an uncursed amulet of the gourmand
Scrolls
 k - a scroll of fog
 q - a scroll of magic mapping
Potions
 g - a potion of flight
 l - a potion of magic
Comestibles
 f - 3 rations
 r - 3 chunks of flesh


   Skills:
 * Level 4.2 Fighting
 - Level 0.5 Polearms
 - Level 3.7 Throwing
 + Level 2.9 Dodging
 - Level 0.8 Stealth
 * Level 3.0 Unarmed Combat


You had 4 spell levels left.
You didn't know any spells.
Your spell library was empty.

Dungeon Overview and Level Annotations

Branches:
Dungeon (4/15)
 Temple: D:4-7

Altars:
Cheibriados
Fedhas
Ru

Annotations:
D:4 Ijyb, Pikel


Innate Abilities, Weirdness & Mutations

You have very sharp fingernails.
You have a pair of small horns on your head.
You are partially covered in sharp spines.


Message History

Okay, then.
Okay, then.
Sorry, you're not good enough to have a special ability.
Unknown command.
Okay, then.
Evoke which item? (* to show all) (? for menu, Esc to quit)
Okay, then.
You completely miss Pikel.
Pikel is moderately wounded.
Pikel hits you with a +0 whip of freezing.
* * * LOW HITPOINT WARNING * * *
The slave struggles against the net.
The net rips apart, and the slave comes free!
Unknown command.
Unknown command.
Unknown command.
You hit Pikel. You burn Pikel.
Pikel is moderately wounded.
Pikel hits you with a +0 whip of freezing.
You die...

## #. ##### ### #.
###...# ##.######.
#.....# #.........
#@#...####.######.
#K##.......# #.
#.########## #.
#.# ## #p# #p#
#p..p<..#
#.##.##.# # #(# #


You could see Pikel (berserk) and 3 slaves.

Vanquished Creatures
  Sigmund (D:3)
  A slave (D:4)
  2 gnolls
  3 adders
  3 worms
  2 dart slugs (D:1)
  2 leopard geckos
  2 giant cockroaches (D:1)
  10 goblins
  6 hobgoblins
  A quokka (D:4)
  9 bats
  5 frilled lizards
  4 kobolds
  11 rats
62 creatures vanquished.

Notes
Turn   | Place    | Note
-------+----------+-------------------------------------------
     0 | D:1      | Amplified the Demonspawn Hunter began the quest for the
                  | Orb.
     0 | D:1      | Reached XP level 1. HP: 16/16 MP: 1/1
   118 | D:1      | Gained mutation: You have a pair of small horns on your
                  | head. [demonic ancestry]
   118 | D:1      | Reached XP level 2. HP: 22/22 MP: 2/2
   588 | D:1      | Gained mutation: You are partially covered in sharp spines.
                  | [demonic ancestry]
   588 | D:1      | Reached XP level 3. HP: 28/28 MP: 3/3
   723 | D:1      | Reached skill level 1 in Unarmed Combat
   874 | D:2      | Reached skill level 3 in Fighting
  1177 | D:2      | Gained mutation: You have sharp fingernails. [demonic
                  | ancestry]
  1177 | D:2      | Reached XP level 4. HP: 35/35 MP: 4/4
  1195 | D:2      | Found a blossoming altar of Fedhas.
  1584 | D:3      | Found a sacrificial altar of Ru.
  1847 | D:3      | Found a snail-covered altar of Cheibriados.
  2099 | D:3      | Noticed Sigmund
  2162 | D:4      | Noticed Ijyb
  2617 | D:3      | Killed Sigmund
  2617 | D:3      | Reached skill level 4 in Fighting
  2617 | D:3      | Gained mutation: You have very sharp fingernails. [demonic
                  | ancestry]
  2617 | D:3      | Reached XP level 5. HP: 38/42 MP: 5/5
  2795 | D:4      | Noticed a slave
  2795 | D:4      | Noticed a slave
  2799 | D:4      | Noticed Pikel
  2802 | D:4      | Killed a slave
  2804 | D:4      | Noticed a slave
  2812 | D:4      | Noticed a slave
  2820 | D:4      | Slain by Pikel

Levels and vault maps discovered:
D:1:      dpeg_arrival_tiny_i, layout_loops_cross, glass_columns_b, st_stairs_12
D:2:      layout_basic, lemuel_crystal_altar, first_ration
D:3:      layout_basic, cheibriados_altar_1, lemuel_doored_altar,
          kennysheep_boxes, uniq_sigmund
D:4:      layout_loops_cross, uniq_pikel, uniq_edmund, uniq_ijyb

Skill      XL: |  1  2  3  4 |
---------------+-------------+-----
Dodging        | 2 |  2.9
Unarmed Combat | 1 3 |  3.0
Fighting       | 3 4 |  4.2
Polearms       | |  0.5
Throwing       | |  3.7
Stealth        | |  0.8

Action                   |  1- 3 |  4- 6 || total
-------------------------+-------+-------++-------
Melee: Spear             |   106 |    67 ||   173
       Unarmed           |    10 |       ||    10
       Headbutt          |    13 |     9 ||    22
       Punch             |     1 |       ||     1
Throw: Javelin           |     1 |     6 ||     7
       Throwing net      |       |     2 ||     2
  Use: Scroll            |     2 |     9 ||    11
       Potion            |     1 |     5 ||     6
 Stab: Sleeping          |     2 |       ||     2
  Eat: Chunk             |     1 |     3 ||     4
       Ration            |       |     1 ||     1
Armor: Leather armour    |    20 |    10 ||    30
Dodge: Dodged            |    60 |    24 ||    84
